cohdb
Replays
Latest Replays
All Replays
Popular Replays
Top Player Replays
Match Explorer
How It Works
Community
CoH3 Stats
Reddit
Sign in to upload your games and track your stats! →
Sign in with Steam
Match 42891202
Unlisted
Match 42891202
Overview
Messages
Build Orders
End
Construct Section Command Post
Infantry Section
Infantry Section
ML 3-inch Mortar Team
Infantry Section
Construct Platoon Command Post
CMP 15cwt Truck
Dingo Light Scout Car
Selects Indian Artillery Battlegroup
Selects Valour
Grenade Package
6-pounder Anti-tank Gun Team
Light Vehicle Training
CMP 15cwt Truck
Construct Company Command Post
Selects Gurkha Rifles Section
Crusader II Medium Tank
Crusader II Medium Tank
Selects Volunteer Infantry
Foot Guards Section
Infantry Training
Darbesky
Leroy
Gabriel
Haggets
0
0
Comments
sign in to comment!
No comments posted yet!